 Dungeon Crawl Stone Soup version 0.31.0-32-g396128a36d (webtiles) character file.

Game seed: 14883465359094353907

468 Glalom the Covert (level 6, -5/33 HPs)
             Began as a Spriggan Brigand on Mar 28, 2024.
             Slain by a gnoll
             ... wielding a +0 spear
              (7 damage)
             ... on level 3 of the Dungeon.
             The game lasted 00:21:39 (3771 turns).

Glalom the Covert (Spriggan Brigand)                Turns: 3771, Time: 00:21:40

Health: -5/33      AC:  3    Str: 13    XL:     6   Next: 81%
Magic:  7/7        EV: 16    Int: 14    God:
Gold:   208        SH:  0    Dex: 17    Spells: 5/5 levels left

rFire   . . .        a - +1 dagger (venom)
rCold   . . .        (no shield)
rNeg    . . .        n - +0 robe
rPois   .            (helmet restricted)
rElec   .            c - +0 cloak
rCorr   .            (gloves unavailable)
SInv    +            (boots unavailable)
Will    +....        (no amulet)
Stlth   ++++         l - +6 ring of strength
HPRegen 0.25/turn    (no ring)
MPRegen 0.10/turn

%: no passive effects
@: very quick
A: very small, no large weapons, unfitting armour, see invisible, speed 3
a: no special abilities


You were on level 3 of the Dungeon.
You visited 1 branch of the dungeon, and saw 3 of its levels.

You collected 208 gold pieces.

Inventory:

Hand Weapons
 a - a +1 dagger of venom (weapon)
 b - a +4 short sword
 h - a +2 dagger
Missiles
 d - 13 poisoned darts (quivered)
 e - 3 curare-tipped darts
 m - a throwing net
Armour
 c - a +0 cloak (worn)
 n - a +0 robe (worn)
Jewellery
 l - a +6 ring of strength (left hand)
Scrolls
 g - a scroll of enchant armour {unknown}
 i - 2 scrolls of identify {unknown}
 j - a scroll of fog {unknown}
Potions
 k - a potion of haste {unknown}


   Skills:
 - Level 4.0 Fighting
 - Level 5.0 Short Blades
 - Level 2.0 Throwing
 - Level 1.3 Dodging
 + Level 8.3 Stealth


You had 5 spell levels left.
You didn't know any spells.
Your spell library contained the following spells:

 Spells                   Type           Power      Damage    Failure   Level
 Tukima's Dance           Hex            0%         N/A       65%         3
 Passage of Golubria      Tloc           0%         N/A       96%         4
 Yara's Violent Unravell  Hex/Alch       0%         3d3       100%        5


Dungeon Overview and Level Annotations

Branches:
Dungeon (3/15)

Altars:

Shops:
D:2 [


Innate Abilities, Weirdness & Mutations

You are very small and have problems with some larger weapons.
You are too small for most types of armour.
You have supernaturally acute eyesight. (SInv)
You cover ground extremely quickly. (Speed+++)


Message History

The gnoll hits you with a +0 whip.
You hit the gnoll.
The gnoll is severely wounded.
You completely miss the gnoll.
The gnoll is severely wounded.
The gnoll barely misses you.
You hit the gnoll.
The gnoll is almost dead.
The gnoll barely misses you.
You hit the gnoll.
You kill the gnoll!
The gnoll hits you but does no damage.
You puncture the gnoll!
The gnoll is heavily wounded.
The gnoll hits you with a +0 flail!
Your +1 dagger of venom begins to drip with poison!
a - a +1 dagger of venom (weapon)
You are too injured to fight recklessly!
You hit the gnoll.
The gnoll is poisoned.
The gnoll is severely wounded.
The gnoll hits you with a +0 flail.
* * * LOW HITPOINT WARNING * * *
You see here a +0 whip.
You see here a +0 whip.
You kill the gnoll!
A gnoll is nearby!
A gnoll is nearby!
The gnoll hits you with a +0 spear.
* * * LOW HITPOINT WARNING * * *
You completely miss the gnoll. The gnoll hits you with a +0 spear.
* * * LOW HITPOINT WARNING * * *
You barely miss the gnoll.
Okay, then.
Okay, then.
It was a potion of curing.
You feel better. The gnoll hits you with a +0 spear.
* * * LOW HITPOINT WARNING * * *
You hit the gnoll.
The gnoll is poisoned.
The gnoll is lightly wounded.
The gnoll hits you with a +0 spear!
You die...

#.......#.##.## #.# #.####.#
#........###.# #.# #.##.).#
#....<..## #.# #.# #.##.###
####.#..####.#####.###.##.#
#.#..##.............##.#
##.#......#......######.#
#.....##.###..).......[.#
#..#.#.#..#.##########..#
#.........g@...)........#
##.###.#)##############.#
##.#..#.# #.# ##.#.#.# #.# #
###.#g# #.# # #.#.## #.# #
#..#.######## #.# #
###########.###)).....######.####
...................)..)...)......


You could see a gnoll (very poisoned).

Vanquished Creatures
  An ogre (D:3)
  A wight (D:3)
  A howler monkey (D:3)
  4 adders
  17 gnolls (D:3)
  A dart slug (D:2)
  3 ribbon worms
  8 orcs (D:3)
  7 bats
  An endoplasm (D:1)
  3 giant cockroaches
  5 goblins
  7 hobgoblins
  13 jackals (D:3)
  4 kobolds
  A quokka (D:2)
  5 ball pythons
  3 frilled lizards
  8 rats
93 creatures vanquished.

Notes
Turn   | Place    | Note
-------+----------+-------------------------------------------
     0 | D:1      | Glalom the Spriggan Brigand began the quest for the Orb.
     0 | D:1      | Reached XP level 1. HP: 10/10 MP: 2/2
   288 | D:1      | Reached XP level 2. HP: 15/15 MP: 3/3
   880 | D:2      | Reached XP level 3. HP: 20/20 MP: 4/4
  1360 | D:2      | Found Vistu's Armour Shoppe.
  1478 | D:2      | Reached XP level 4. HP: 24/24 MP: 5/5
  2068 | D:3      | Reached skill level 6 in Stealth
  2107 | D:3      | Reached XP level 5. HP: 16/29 MP: 6/6
  2741 | D:3      | Noticed an ogre
  3052 | D:3      | Killed an ogre
  3053 | D:3      | Reached skill level 7 in Stealth
  3053 | D:3      | Reached XP level 6. HP: 33/33 MP: 7/7
  3410 | D:3      | Reached skill level 8 in Stealth
  3615 | D:3      | Reached skill level 5 in Short Blades
  3768 | D:3      | HP: 1/33 [gnoll/+0 spear (4)]
  3771 | D:3      | Slain by a gnoll

Illustrated notes

Levels and vault maps discovered:
D:1:      heliophobic_arrival_dark_side_of_the_moon, layout_loops_ring
D:2:      layout_loops_corners, serial_shops, shop, kennysheep_another_room
D:3:      lemuel_castle_with_subvaults [lemuel_castle_interior_original],
          layout_loops_ring, kennysheep_crisscross, chequers_avenue

Skill      XL: |  1  2  3  4  5  6 |
---------------+-------------------+-----
Fighting       | 2 3 4 |  4.0
Stealth        | 6 7 8 |  8.3
Short Blades   | 3 5 |  5.0
Throwing       | |  2.0
Dodging        | |  1.3

Action                     |  1- 3 |  4- 6 || total
---------------------------+-------+-------++-------
  Melee: Dagger            |    90 |   145 ||   235
         Punch             |     3 |     2 ||     5
         Short sword       |       |    43 ||    43
  Throw: Dart              |       |     6 ||     6
    Use: Potion            |       |     1 ||     1
   Stab: Sleeping          |    16 |    11 ||    27
 Armour: Robe              |    24 |    64 ||    88
  Dodge: Dodged            |    52 |   103 ||   155
